 Dungeon Crawl Stone Soup version 0.21.1-1-g345015f (webtiles) character file.

82448 xccam the Protected (level 16, -20/125 HPs)
             Began as a Formicid Fighter on Mar 28, 2018.
             Was the Champion of Okawaru.
             Killed from afar by an orc sorcerer (31 damage)
             ... with a bolt of fire
             ... on level 2 of the Orcish Mines.
             The game lasted 00:51:03 (23850 turns).

xccam the Protected (Formicid Fighter)             Turns: 23850, Time: 00:51:04

Health: -20/125    AC: 24    Str: 24    XL:     16   Next: 21%
Magic:  23/23      EV: 13    Int:  9    God:    Okawaru [******]
Gold:   2450       SH: 17    Dex: 15    Spells: 15/15 levels left

rFire    x . .     SeeInvis +   k - +6 lajatang (vamp)
rCold    + . .     Gourm    .   c - +0 shield
rNeg     . . .     Faith    .   F - +0 plate armour
rPois    +         Spirit   .   (helmet unavailable)
rElec    .         Reflect  +   J - +1 cloak {rPois}
rCorr    .         Harm     .   r - +0 pair of gloves
MR       ++...                  s - +0 pair of boots
Stlth    ..........             L - +4 amulet of reflection
HPRegen  0.30/turn              C - ring of ice
MPRegen  0.18/turn              (no ring)

@: no status effects
A: permanent stasis, dig shafts and tunnels, four strong arms, antennae 3, slimy
green scales 1, agile 1, magic resistance 1
a: Dig, Shaft Self, Heroism, Finesse, Renounce Religion


You were on level 2 of the Orcish Mines.
You worshipped Okawaru.
Okawaru was exalted by your worship.
You were not hungry.

You visited 5 branches of the dungeon, and saw 22 of its levels.

You collected 2450 gold pieces.

Inventory:

Hand Weapons
 k - a +6 vampiric lajatang (weapon)
 G - a +0 quarterstaff
Armour
 c - a +0 shield (worn)
 i - a scarf of repulsion
 r - a +0 pair of gloves (worn)
 s - a +0 pair of boots (worn)
 B - a scarf of resistance
 F - a +0 plate armour (worn)
 J - a +1 cloak of poison resistance (worn)
Jewellery
 q - an uncursed ring of fire
 C - a ring of ice (left hand)
 L - a +4 amulet of reflection (around neck)
 M - an uncursed ring of ice
Wands
 j - a wand of paralysis (42)
 y - a wand of disintegration (25)
 A - a wand of polymorph (10)
 D - a wand of acid (14)
 E - a wand of random effects (49)
 O - a wand of flame (44)
Scrolls
 b - a scroll of silence
 e - a scroll of immolation
 g - 4 scrolls of enchant armour
 h - 7 scrolls of amnesia
 n - 2 scrolls of identify
 o - 7 scrolls of remove curse
 H - a scroll of fog
Potions
 d - 3 potions of mutation
 m - 4 potions of resistance
 p - a potion of invisibility
 t - 2 potions of magic
 u - 6 potions of curing
 w - a potion of brilliance
 z - 3 potions of flight
 P - a potion of might
Books
 v - a book of Death

   Spells                             Type                      Level
   a - Corpse Rot                     Necromancy                   2
   b - Sublimation of Blood           Necromancy                   2
   c - Agony                          Necromancy                   5
   d - Dispel Undead                  Necromancy                   5
   e - Excruciating Wounds            Charms/Necromancy            5
   f - Bolt of Draining               Conjuration/Necromancy       5
 I - a book of Clouds

   Spells                             Type                      Level
   a - Poisonous Vapours              Poison/Air                   2
   b - Mephitic Cloud                 Conjuration/Poison/Air       3
   c - Conjure Flame                  Conjuration/Fire             3
   d - Freezing Cloud                 Conjuration/Ice/Air          6
   e - Ring of Flames                 Charms/Fire                  7
 K - a book of Air

   Spells                             Type                      Level
   a - Shock                          Conjuration/Air              1
   b - Swiftness                      Charms/Air                   2
   c - Static Discharge               Conjuration/Air              3
   d - Airstrike                      Air                          4
   e - Lightning Bolt                 Conjuration/Air              5
Comestibles
 a - 10 chunks of flesh
 f - 27 rations


   Skills:
 * Level 11.1 Fighting
 + Level 14.7 Staves
 * Level 14.8 Armour
 * Level 10.4 Dodging
 + Level 10.7 Shields
 - Level 10.0 Invocations


You had 15 spell levels left.
You didn't know any spells.

Dungeon Overview and Level Annotations

Branches:
Dungeon (12/15)            Temple (1/1) D:5            Lair (6/6) D:9
  Swamp (1/4) Lair:4       Spider (0/4) Lair:2        Slime (0/5) Lair:6
    Orc (2/2) D:12            Elf (0/3) Orc:2

Altars:
Ashenzari
Cheibriados
Dithmenos
Elyvilon
Fedhas
Gozag
Hepliaklqana
Kikubaaqudgha
Makhleb
Nemelex Xobeh
Okawaru
Qazlal
Ru
Sif Muna
Trog
Uskayaw
Vehumet
Wu Jian
Xom
Yredelemnul
Zin
The Shining One

Shops:
D:9 ?   Orc:2 *?

Annotations:
Lair:6 exclusion: 3 oklob plants


Innate Abilities, Weirdness & Mutations

You cannot be hasted, slowed, berserked, paralysed or teleported.
You can dig through walls and to a lower floor.
Your four strong arms can wield two-handed weapons with a shield.
You have a pair of large antennae on your head. (SInv)
You are partially covered in slimy green scales. (AC +2)
You are agile. (Dex +2)
You are resistant to hostile enchantments. (MR+)


Message History

* * * LOW HITPOINT WARNING * * *
The orc high priest hits you but does no damage.
You block the infernal demonspawn's attack.
Things that are here:
a dagger; a glowing robe; an orc corpse
Okay, then.
As you read the scroll of fear, it crumbles to dust.
You assume a fearsome visage.
The orc high priest looks frightened!
The infernal demonspawn resists with some effort.
The infernal demonspawn looks frightened!
Unknown command.
As you read the scroll of fear, it crumbles to dust.
You assume a fearsome visage.
The infernal demonspawn looks frightened!
You see here an enchanted short sword.
An orc sorcerer comes into view. It is wielding a dagger of speed.
The orc sorcerer shouts!
The orc sorcerer casts a spell at you. The bolt of fire hits you!
The fire burns you terribly!
You die...

...
#....#..))##..#
...
##...###...###)(
...
##...##{##...###.
..# ##. ##...## {
##...### ...
##... ##...##
{##)..## ...
##... ##...## { {
#...# ...##...
##.#.##{ { .##.#.
....#..# #..)##
#.. #.. .......#
##)#@## #..# #.
##.....###
##...## ###{.# #
#....<...#
##...## .#..# #
.......#.#
##...##{.. { ##
#......###
##..)#.#.#... ##.
....##.##
##..o...o..###..
....#...#
##.#...#.###...
...###.##
##.....###....
...# ###
####...###.....


You could see an orc sorcerer.

Vanquished Creatures
  Saint Roka (Orc:2)
  9 hydras
  Erica (D:10)
  A catoblepas (Lair:6)
  2 two-headed ogres
  The ghost of Shinoi the Basher, a journeyman GrFi of Okawaru (Lair:1)
  Urug (D:10)
  4 orc high priests (Orc:2)
  8 death yaks
  Sonja (Orc:2)
  The ghost of soepske the Skirmisher, a novice DsBe of Trog (D:8)
  8 orc knights
  A lindwurm (Lair:6)
  An orb spider (Lair:2)
  An ugly thing (D:12)
  5 orc sorcerers
  A manticore (Lair:4)
  10 elephants
  11 spiny frogs
  A torpor snail (Lair:6)
  The ghost of Redear the Grappler, a novice VSMo of Okawaru (D:5)
  A smoke demon (Orc:2)
  6 black mambas
  7 rime drakes
  11 komodo dragons
  A red devil (Orc:2)
  2 hellwings (Orc:2)
  A meliai (D:12)
  4 hornets (Lair:6)
  4 trolls
  13 hippogriffs
  8 blink frogs (Lair:6)
  5 polar bears (Lair:6)
  A dream sheep (Lair:6)
  A shadow (D:12)
  15 spriggans
  53 yaks
  9 wyverns
  6 basilisks
  5 vampire mosquitoes (D:12)
  2 steam dragons (D:6)
  Grum (D:10)
  A soldier ant (D:10)
  2 wargs
  11 water moccasins
  5 ice beasts
  5 porcupines
  2 swamp drakes
  5 sky beasts
  3 phantoms
  6 necrophages
  13 ogres
  36 orc warriors
  3 black bears
  28 wolves
  5 boggarts (Lair:6)
  6 crocodiles
  10 centaurs
  2 big kobolds
  19 bullfrogs
  A gnoll sergeant (D:10)
  2 wyvern zombies (D:11)
  8 scorpions
  35 killer bees
  3 water moccasin skeletons
  2 electric eels (Lair:3)
  3 wights (D:8)
  9 howler monkeys
  3 crimson imps
  2 centaur zombies
  A bullfrog zombie (D:12)
  2 jellies
  16 orc wizards
  21 orc priests
  5 hounds
  2 centaur skeletons
  12 iguanas
  3 bullfrog skeletons
  15 worker ants
  A worker ant zombie (D:5)
  8 gnolls
  11 adders
  5 shadow imps
  An ooze (D:3)
  An adder skeleton (D:8)
  An adder zombie (D:8)
  4 worms
  A dart slug (D:2)
  3 leopard geckos
  81 orcs
  2 ball pythons (D:2)
  2 giant cockroaches (D:2)
  6 goblins
  5 hobgoblins (D:3)
  12 jackals
  3 quokkas
  6 bats
  3 frilled lizards
  A jackal skeleton (D:2)
  10 kobolds
  2 leopard gecko skeletons (D:4)
  A quokka zombie (D:6)
  7 rats
  A plant (Lair:4)
711 creatures vanquished.

Vanquished Creatures (others)
  An orc warrior (Orc:2)
  A centaur (D:9)
  2 orc priests
  An orc wizard (Orc:2)
  A bush (Lair:4)
  A fungus (Lair:6)
  32 plants
39 creatures vanquished.

Grand Total: 750 creatures vanquished

Notes
Turn   | Place    | Note
-------+----------+-------------------------------------------
     0 | D:1      | xccam the Formicid Fighter began the quest for the Orb.
     0 | D:1      | Reached XP level 1. HP: 18/18 MP: 1/1
   715 | D:2      | Noticed an orc priest
   715 | D:2      | Noticed an orc wizard
   715 | D:2      | Noticed an orc wizard
   724 | D:1      | Killed an orc wizard
   724 | D:1      | Reached XP level 2. HP: 11/24 MP: 2/2
   724 | D:1      | Reached XP level 3. HP: 13/29 MP: 3/3
   985 | D:2      | Reached XP level 4. HP: 28/35 MP: 4/4
   994 | D:2      | Reached XP level 5. HP: 3/41 MP: 5/5
   995 | D:2      | Gained mutation: You are agile. (Dex +2) [potion of mutation]
   995 | D:2      | Gained mutation: You are resistant to hostile enchantments. (MR+) [potion of mutation]
   995 | D:2      | Gained mutation: You are partially covered in slimy green scales. (AC +2) [potion of mutation]
  1094 | D:2      | Reached skill level 5 in Staves
  1646 | D:3      | Reached XP level 6. HP: 32/47 MP: 6/6
  2042 | D:3      | Found a burning altar of Makhleb.
  2308 | D:4      | Noticed a sky beast
  2322 | D:4      | Killed a sky beast
  2322 | D:4      | Reached XP level 7. HP: 36/52 MP: 7/7
  2886 | D:5      | Entered Level 5 of the Dungeon
  3093 | D:5      | Reached XP level 8. HP: 40/58 MP: 8/8
  3133 | D:5      | Reached skill level 5 in Shields
  3174 | D:5      | Found a staircase to the Ecumenical Temple.
  3188 | Temple   | Entered the Ecumenical Temple
  3246 | Temple   | Became a worshipper of Warmaster Okawaru
  3702 | D:5      | Noticed Redear's ghost (novice VSMo)
  3722 | D:5      | Killed Redear's ghost
  3722 | D:5      | Reached * piety under Okawaru
  3722 | D:5      | Reached skill level 5 in Armour
  3805 | D:6      | Reached XP level 9. HP: 36/64 MP: 9/9
  4360 | D:6      | Reached ** piety under Okawaru
  4699 | D:6      | Reached skill level 1 in Invocations
  4823 | D:7      | Noticed a two-headed ogre
  4845 | D:7      | Killed a two-headed ogre
  4845 | D:7      | Reached XP level 10. HP: 58/72 MP: 10/13
  4951 | D:7      | Reached skill level 5 in Invocations
  4995 | D:7      | Found a shadowy altar of Dithmenos.
  5076 | D:7      | Reached skill level 5 in Fighting
  5324 | D:7      | Reached *** piety under Okawaru
  5871 | D:8      | Noticed soepske's ghost (novice DsBe)
  5910 | D:8      | Killed soepske's ghost
  5910 | D:8      | Reached skill level 10 in Staves
  6255 | D:8      | Found a burning altar of Makhleb.
  6255 | D:8      | Found a glowing silver altar of Zin.
  6255 | D:8      | Found a snail-covered altar of Cheibriados.
  6257 | D:8      | Found a blossoming altar of Fedhas.
  6257 | D:8      | Found a shattered altar of Ashenzari.
  6262 | D:8      | Found a hazy altar of Hepliaklqana.
  6262 | D:8      | Found a sacrificial altar of Ru.
  6263 | D:8      | Found a radiant altar of Vehumet.
  6299 | D:8      | Reached XP level 11. HP: 63/81 MP: 14/14
  6832 | D:8      | HP: 3/82 [orc warrior/flail of draining (7)]
  6832 | D:8      | HP: 1/82 [orc warrior/flail of draining (2)]
  7084 | D:8      | Reached **** piety under Okawaru
  7457 | D:9      | Found Ziavi Lyku's Magic Scroll Shop.
  7748 | D:9      | Found a staircase to the Lair.
  7953 | D:10     | Entered Level 10 of the Dungeon
  7956 | D:10     | Noticed Erica
  7975 | D:10     | Killed Erica
  7975 | D:10     | Reached ***** piety under Okawaru
  8161 | D:10     | Noticed Grum
  8178 | D:10     | Killed Grum
  8404 | D:10     | Found a sparkling altar of Nemelex Xobeh.
  8405 | D:10     | Noticed Urug
  8418 | D:10     | Killed Urug
  8418 | D:10     | Reached skill level 1 in Dodging
  8431 | D:10     | Received a gift from Okawaru
  9600 | D:11     | Reached skill level 10 in Armour
  9600 | D:11     | Reached XP level 12. HP: 63/92 MP: 15/15
 10265 | D:12     | Received a gift from Okawaru
 11034 | D:12     | Found a staircase to the Orcish Mines.
 11343 | D:12     | Noticed a seven-headed hydra
 11361 | D:12     | Killed a seven-headed hydra
 11361 | D:12     | Reached skill level 5 in Dodging
 11852 | D:12     | Noticed a two-headed ogre
 11866 | D:12     | Killed a two-headed ogre
 12000 | Lair:1   | Entered Level 1 of the Lair of Beasts
 12160 | Lair:1   | Noticed Shinoi's ghost (journeyman GrFi)
 12197 | Lair:1   | Killed Shinoi's ghost
 12197 | Lair:1   | Received a gift from Okawaru
 12197 | Lair:1   | Reached XP level 13. HP: 80/98 MP: 11/17
 12229 | Lair:1   | Noticed a four-headed hydra
 12247 | Lair:1   | Killed a four-headed hydra
 12894 | Lair:2   | Noticed a five-headed hydra
 12919 | Lair:2   | Killed a five-headed hydra
 13496 | Lair:2   | Found a hole to the Spider Nest.
 15746 | Lair:4   | Found a staircase to the Swamp.
 15746 | Lair:4   | Noticed a four-headed hydra
 15764 | Lair:4   | Killed a four-headed hydra
 15930 | Lair:4   | Reached XP level 14. HP: 74/103 MP: 13/20
 16173 | Lair:4   | Reached ****** piety under Okawaru
 16200 | Lair:4   | Received a gift from Okawaru
 16356 | Lair:4   | Reached skill level 10 in Invocations
 16726 | Lair:4   | HP: 5/105 [black mamba (13)]
 18141 | Lair:6   | Entered Level 6 of the Lair of Beasts
 18235 | Lair:6   | Received a gift from Okawaru
 18768 | Lair:6   | Reached XP level 15. HP: 90/113 MP: 22/22
 19576 | Lair:6   | Received a gift from Okawaru
 20257 | Lair:6   | Reached skill level 10 in Shields
 20351 | Lair:6   | Reached skill level 10 in Fighting
 20448 | Lair:6   | Received a gift from Okawaru
 20778 | Lair:6   | Found a staircase to the Slime Pits.
 21662 | Swamp:1  | Entered Level 1 of the Swamp
 21896 | Orc:1    | Entered Level 1 of the Orcish Mines
 22201 | Orc:2    | Entered Level 2 of the Orcish Mines
 22779 | Orc:2    | Noticed Sonja
 22791 | Orc:2    | Killed Sonja
 23000 | Orc:2    | Found a staircase to the Elven Halls.
 23083 | Orc:2    | Noticed Saint Roka
 23088 | Orc:2    | Reached skill level 10 in Dodging
 23143 | Orc:2    | Killed Saint Roka
 23143 | Orc:2    | Received a gift from Okawaru
 23561 | Orc:2    | Found Vojych's Magic Scroll Emporium.
 23579 | Orc:2    | Found Aphoshrakku's General Store.
 23604 | Orc:2    | Reached XP level 16. HP: 109/124 MP: 23/23
 23850 | Orc:2    | Killed from afar by an orc sorcerer

Skill      XL: |  1  2  3  4  5  6  7  8  9 10 11 12 13 14 15 16 |
---------------+-------------------------------------------------+-----
Staves         | 3 4 5 7 8 9 10 11 12 13 14 | 14.7
Shields        | 4 7 9 10 | 10.7
Armour         | 5 6 8 10 11 12 13 14 | 14.8
Invocations    | 4 5 6 9 10 | 10.0
Fighting       | 4 6 7 9 10 11 | 11.1
Dodging        | 2 5 7 8 10 | 10.4

Action                   |  1- 3 |  4- 6 |  7- 9 | 10-12 | 13-15 | 16-18 || total
-------------------------+-------+-------+-------+-------+-------+-------++-------
Melee: Quarterstaff      |    34 |   204 |   351 |  1460 |  1910 |       ||  3959
       Lajatang          |       |       |       |       |   290 |   159 ||   449
Invok: Heroism           |       |       |       |    11 |     9 |       ||    20
       Finesse           |       |       |       |     4 |     8 |       ||    12
  Use: Potion            |       |     3 |     2 |     7 |     3 |       ||    15
       Scroll            |       |     9 |     1 |     5 |    16 |     2 ||    33
 Stab: Invisible         |       |       |       |     1 |       |       ||     1
       Confused          |       |       |       |     3 |       |       ||     3
  Eat: Chunk             |       |     4 |     5 |    25 |    20 |     2 ||    56
       Ration            |       |       |     1 |       |     8 |       ||     9
Armor: Scale mail        |     9 |   109 |    87 |    59 |       |       ||   264
       Plate armour      |       |       |       |   355 |   713 |    43 ||  1111
Dodge: Dodged            |    17 |    73 |    84 |   343 |   604 |    30 ||  1151
Block: Shield            |    23 |   118 |   147 |   685 |  1214 |    92 ||  2279
       Reflection        |       |       |       |       |    10 |     2 ||    12
